 Dungeon Crawl Stone Soup version 0.28.0 (webtiles) character file.

Game seed: 2897267941260494366

1799 SnakkuSnakku7 the Destroyer (level 9, -1/45 HPs)
             Began as a Tengu Earth Elementalist on Feb 9, 2022.
             Was an Initiate of Vehumet.
             Slain by a hornet (11 damage)
             ... while paralysed by a hornet
             ... on level 7 of the Dungeon on Feb 10, 2022.
             The game lasted 00:14:18 (6807 turns).

SnakkuSnakku7 the Destroyer (TeEE)                  Turns: 6807, Time: 00:14:18

Health: -1/45      AC:  5    Str:  9    XL:     9   Next: 9%
Magic:  5/13       EV:  2    Int: 20    God:    Vehumet [......]
Gold:   302        SH:  0    Dex: 17    Spells: 8/12 levels left

rFire   + . .      SeeInvis .   u - +0 quarterstaff
rCold   . . .      Faith    .   (shield currently unavailable)
rNeg    . . .      Spirit   .   b - +0 robe
rPois   +          Reflect  .   (helmet restricted)
rElec   .          Harm     .   (no cloak)
rCorr   .          Rampage  .   l - +2 pair of gloves {Dex+3}
Will    .....                   (boots unavailable)
Stlth   ++........              (no amulet)
HPRegen 0.15/turn               g - ring of poison resistance
MPRegen 0.13/turn               o - ring of protection from fire

@: paralysed, lethally poisoned (-1 -> -6), flying quickly and evasively, quick
A: beak, talons 3, nimble flight
a: Renounce Religion


You were on level 7 of the Dungeon.
You worshipped Vehumet.
Vehumet was noncommittal.
You visited 2 branches of the dungeon, and saw 8 of its levels.

You collected 302 gold pieces.

Inventory:

Hand Weapons
 a - a +0 whip
 u - a +0 quarterstaff (weapon)
Missiles
 c - 43 stones
 h - 78 bolts
Armour
 b - a +0 robe (worn)
 l - a +2 pair of gloves of dexterity (worn)
Jewellery
 g - a ring of poison resistance (left hand)
 o - a ring of protection from fire (right hand)
 A - a ring of positive energy
Wands
 i - a wand of flame (43)
 v - a wand of iceblast (6)
 w - a wand of polymorph (3)
 z - a wand of mindburst (10)
Scrolls
 d - a scroll of amnesia {unknown}
 e - a scroll of fear
 f - 2 scrolls of fog
 m - 3 scrolls of teleportation
 p - a scroll of summoning
 q - 2 scrolls of enchant weapon
 r - a scroll of magic mapping
 x - a scroll of vulnerability
 y - a scroll of acquirement {unknown}
 B - a scroll of immolation {unknown}
Potions
 j - a potion of attraction
 k - 2 potions of lignification
 n - a potion of curing
 s - 2 potions of might
 t - a potion of brilliance


   Skills:
 - Level 2.1 Dodging
 - Level 2.0 Stealth
 - Level 2.0 Spellcasting
 + Level 14.1 Conjurations
 - Level 0.7 Transmutations
 - Level 3.0 Earth Magic


You had 8 spell levels left.
You knew the following spells:

 Your Spells              Type           Power      Damage    Failure   Level
a - Stone Arrow           Conj/Erth      72%        3d11      1%          3
b - Sandblast             Erth           28%        2d8       4%          1

Your spell library contained the following spells:

 Spells                   Type           Power      Damage    Failure   Level
 Passwall                 Tmut/Erth      7%         N/A       11%         2
 Blink                    Tloc           4%         N/A       24%         2
 Corpse Rot               Necr/Air       4%         N/A       24%         2
 Ensorcelled Hibernation  Hex/Ice        4%         N/A       24%         2
 Swiftness                Air            2%         N/A       43%         3
 Freezing Cloud           Conj/Ice/Air   10%        6-21      54%         5
 Petrify                  Tmut/Erth      9%         N/A       58%         4
 Dispel Undead            Necr           2%         3d7       83%         4
 Manifold Assault         Tloc           2%         N/A       99%         5
 Death Channel            Necr           1%         N/A       100%        6
 Statue Form              Tmut/Erth      6%         N/A       100%        6
 Storm Form               Tmut/Air       1%         N/A       100%        7
 Lehudib's Crystal Spear  Conj/Erth      18%        10d5      100%        8


Dungeon Overview and Level Annotations

Branches:
Dungeon (7/15)             Temple (1/1) D:7

Altars:
Ashenzari
Cheibriados
Dithmenos
Hepliaklqana
Makhleb
Nemelex Xobeh
Qazlal
Sif Muna
Trog
Uskayaw
Vehumet
Wu Jian
Xom
Yredelemnul
Zin
The Shining One


Innate Abilities, Weirdness & Mutations

You have a beak for a mouth.
You have claws for feet.
Your magical nature lets you fly swiftly and evasively.


Message History

The blast of sand hits the hornet but does no damage.
The hornet is lightly wounded.
The hornet completely misses you.
Aiming: Sandblast (safe; 4% risk of failure)
Press: ? - help, Q - select action, (/) - cycle Shift-Dir - straight line, f/p - hornet
Aim: a hornet (lightly wounded, 69% to hit)
The blast of sand hits the hornet.
The hornet is moderately wounded.
The hornet completely misses you. The hornet stings you.
Aiming: Sandblast (safe; 4% risk of failure)
Press: ? - help, Q - select action, (/) - cycle Shift-Dir - straight line, f/p - hornet
Aim: a hornet (moderately wounded, 69% to hit)
The blast of sand hits the hornet.
The hornet is moderately wounded.
The hornet barely misses you.
Aiming: Sandblast (safe; 4% risk of failure)
Press: ? - help, Q - select action, (/) - cycle Shift-Dir - straight line, f/p - hornet
Aim: a hornet (moderately wounded, 69% to hit)
The blast of sand hits the hornet!
The hornet is heavily wounded.
The hornet stings you.
You are poisoned.
The hornet closely misses you.
Aiming: Sandblast (safe; 4% risk of failure)
Press: ? - help, Q - select action, (/) - cycle Shift-Dir - straight line, f/p - hornet
Aim: a hornet (heavily wounded, 69% to hit)
The blast of sand hits the hornet but does no damage.
The hornet is heavily wounded.
You feel very sick. The hornet barely misses you.
Unknown command.
Aiming: Sandblast (safe; 4% risk of failure)
Press: ? - help, Q - select action, (/) - cycle Shift-Dir - straight line, f/p - hornet
Aim: a hornet (heavily wounded, 69% to hit)
The blast of sand misses the hornet.
You feel sick. The hornet stings you. The hornet stings you!
* * * LOW HITPOINT WARNING * * *
You suddenly lose the ability to move!
You feel sick. The hornet stings you!
You die...

.....#...#.# !............##
....#.........#
....#.........#### ####
...>........##....##..# ..
......=...# #....#...## ....
#.......####...##...## ....
##......##.##...#....#### #y.##
#......y@..<...#....#..#
#..####......###.......##....##
##....#........##..#...###.##...
.#..........#....##.....###......
#.......######...................
##.................####.....##...
...........#.#.....# ###.#####.#
..........#.#.#...## #....#####
.........#.#.#.#...### #.....##


You could see a hornet.

Vanquished Creatures
  A steam dragon (D:6)
  Duvessa (D:6)
  A sky beast (D:6)
  2 ice beasts (D:6)
  4 ogres
  A phantom (D:6)
  A bullfrog (D:7)
  A scorpion (D:5)
  A wyvern zombie (D:6)
  Dowan (D:6)
  3 electric eels (D:6)
  4 jellies
  A centaur skeleton (D:4)
  2 bullfrog skeletons
  2 orc wizards
  4 gnolls
  A howler monkey skeleton (D:7)
  10 adders
  A shadow imp (D:7)
  2 white imps (D:5)
  2 worms (D:2)
  4 dart slugs
  10 orcs
  10 ball pythons
  15 endoplasms
  2 giant cockroaches (D:1)
  8 goblins
  6 hobgoblins
  4 jackals
  9 kobolds
  4 quokkas
  8 bats
  8 rats
134 creatures vanquished.

Vanquished Creatures (others)
  3 plants (D:6)
3 creatures vanquished.

Grand Total: 137 creatures vanquished

Notes
Turn   | Place    | Note
-------+----------+-------------------------------------------
     0 | D:1      | SnakkuSnakku7 the Tengu Earth Elementalist began the quest
                  | for the Orb.
     0 | D:1      | Reached XP level 1. HP: 10/10 MP: 4/4
    52 | D:1      | Reached XP level 2. HP: 4/15 MP: 1/6
   609 | D:1      | Reached XP level 3. HP: 16/19 MP: 7/7
   613 | D:1      | Learned a level 3 spell: Stone Arrow
   664 | D:1      | Reached skill level 1 in Conjurations
   850 | D:1      | Reached skill level 2 in Conjurations
  1435 | D:2      | Reached XP level 4. HP: 24/24 MP: 8/8
  1491 | D:2      | Reached skill level 3 in Conjurations
  1887 | D:2      | Reached skill level 4 in Conjurations
  2157 | D:3      | Gained mutation: Your magical nature lets you fly swiftly
                  | and evasively. [Tengu growth]
  2157 | D:3      | Reached XP level 5. HP: 28/28 MP: 7/9
  2429 | D:3      | Reached skill level 5 in Conjurations
  2564 | D:3      | Found a faded altar of an unknown god.
  2735 | D:4      | Noticed an ogre
  2741 | D:4      | Killed an ogre
  2742 | D:4      | Reached skill level 6 in Conjurations
  2742 | D:4      | Reached XP level 6. HP: 32/32 MP: 5/10
  2887 | D:3      | Reached skill level 7 in Conjurations
  3296 | D:4      | Reached skill level 8 in Conjurations
  3296 | D:4      | Reached XP level 7. HP: 32/36 MP: 6/11
  3444 | D:4      | Found a stormy altar of Qazlal.
  3445 | D:4      | Found a bloodstained altar of Trog.
  3538 | D:4      | Found a hazy altar of Hepliaklqana.
  3612 | D:5      | Entered Level 5 of the Dungeon
  3673 | D:5      | Found a basalt altar of Yredelemnul.
  3947 | D:5      | Reached skill level 9 in Conjurations
  4013 | D:5      | Got the Handbook of the Unseen Realm
  4152 | D:5      | Found a burning altar of Makhleb.
  4443 | D:6      | Noticed a steam dragon
  4459 | D:6      | Killed a steam dragon
  4460 | D:6      | Reached skill level 10 in Conjurations
  4789 | D:6      | Reached XP level 8. HP: 18/41 MP: 7/12
  5233 | D:6      | Reached skill level 11 in Conjurations
  5516 | D:6      | Found a shadowy altar of Dithmenos.
  5516 | D:6      | Noticed Dowan
  5678 | D:6      | Killed Dowan
  5792 | D:6      | Reached skill level 12 in Conjurations
  5827 | D:6      | Noticed Duvessa
  5832 | D:6      | Killed Duvessa
  5837 | D:6      | Found a sparkling altar of Nemelex Xobeh.
  5938 | D:6      | Reached skill level 13 in Conjurations
  6209 | D:6      | Reached XP level 9. HP: 36/45 MP: 13/13
  6494 | D:7      | Reached skill level 14 in Conjurations
  6650 | D:7      | Found a staircase to the Ecumenical Temple.
  6716 | Temple   | Entered the Ecumenical Temple
  6725 | Temple   | Became a worshipper of Vehumet
  6757 | D:7      | Noticed a hornet
  6806 | D:7      | Paralysed by a hornet for 2 turns
  6807 | D:7      | Slain by a hornet

Illustrated notes

Levels and vault maps discovered:
D:1:      ncdulo_wetmaze, layout_basic, minmay_cut_off
D:2:      layout_basic
D:3:      layout_basic, chequers_ecumenical_altar_island,
          kennysheep_generic_room_7
D:4:      layout_basic, worldfamousw_hep_ancestral_shrine,
          nicolae_overflow_squiral
D:5:      layout_gridville, mainiacjoe_overflow_alcove_2,
          mainiacjoe_overflow_tiny_flanked
D:6:      layout_loops_ring, grunt_dithmenos_smoke_and_mirrors,
          nemelex_diamond_rough_becter, serial_bayou_lake_a, uniq_duvessa
D:7:      layout_cave_pools, minmay_temple_entry_grid, hangedman_minor_gate_pass
Temple:   cyrus_circular_temple

Skill      XL: |  1  2  3  4  5  6  7  8  9 |
---------------+----------------------------+-----
Earth Magic    | 3 |  3.0
Conjurations   | 2 4 6 8 10 13 14 | 14.1
Dodging        | |  2.1
Stealth        | |  2.0
Spellcasting   | |  2.0
Transmutations | |  0.7

Action                   |  1- 3 |  4- 6 |  7- 9 || total
-------------------------+-------+-------+-------++-------
Melee: Unarmed           |    16 |       |       ||    16
       Peck              |    13 |     9 |    11 ||    33
       Kick              |    21 |    18 |    20 ||    59
       Whip              |    70 |    59 |    30 ||   159
       Punch             |     1 |       |     2 ||     3
       Quarterstaff      |       |       |    24 ||    24
 Cast: Sandblast         |    25 |    76 |    86 ||   187
       Stone Arrow       |       |       |    14 ||    14
Evoke: Wand              |       |       |     7 ||     7
  Use: Scroll            |       |       |    12 ||    12
 Stab: Sleeping          |     5 |     2 |     3 ||    10
Armor: Robe              |    19 |    39 |    18 ||    76
Dodge: Dodged            |    63 |   103 |    93 ||   259
